 Dungeon Crawl Stone Soup version 0.27-a0-906-g0a00ce863d (webtiles) character file.

Game seed: 1067005275777342716

217 Goblin1989 the Skirmisher (level 5, -2/41 HPs)
             Began as a Djinni Fighter on Apr 5, 2021.
             Slain by a mummy (15 damage)
             ... in an ossuary on Apr 7, 2021.
             The game lasted 00:06:27 (3242 turns).

Goblin1989 the Skirmisher (Djinni Fighter)          Turns: 3242, Time: 00:06:28

Health: -2/41      AC:  9    Str: 16    XL:     5   Next: 94%
Gold:   56         EV:  7    Int:  9    God:
                   SH:  9    Dex: 13

rFire    + + .     SeeInvis .   a - +0 flail
rCold    x . .     Faith    .   c - +0 kite shield
rNeg     . . .     Spirit   .   b - +1 scale mail
rPois    ∞         Reflect  .   i - +0 helmet
rElec    .         Harm     .   (no cloak)
rCorr    .         Rampage  .   (no gloves)
Will     .....                  (boots unavailable)
Stlth    ..........             (no amulet)
HPRegen  0.13/turn              (no ring)
MPRegen  0.00/turn              (no ring)

@: mighty, flying
A: fire resistance 2, cold vulnerability 1, float, innate caster, hp casting,
extra vitality 1
a: no special abilities


You were in an ossuary.
You visited 1 branch of the dungeon, and saw 4 of its levels.
You also visited: Ossuary.

You collected 56 gold pieces.

Inventory:

Hand Weapons
 a - a +0 flail (weapon)
Missiles
 o - 18 poisoned darts (quivered)
Armour
 b - a +1 scale mail (worn)
 c - a +0 kite shield (worn)
 i - a +0 helmet (worn)
Jewellery
 g - a ring of resist corrosion
Wands
 n - a wand of charming (6)
Scrolls
 j - 5 scrolls of enchant armour
 T - 2 scrolls of teleportation
 V - 3 scrolls of acquirement {unknown}
Potions
 e - a potion of degeneration
 h - a potion of heal wounds {unknown}
 k - 3 potions of flight {unknown}
 U - 2 potions of haste {unknown}
 W - a potion of ambrosia {unknown}
 X - a potion of curing {unknown}


   Skills:
 + Level 3.8 Fighting
 * Level 3.3 Maces & Flails
 + Level 0.4 Throwing
 + Level 3.8 Armour
 + Level 3.8 Shields


You had one spell level left.
You knew the following spells:

 Your Spells              Type           Power      Damage    Failure   Level
a - Shock                 Conj/Air       0%         1d3       99%         1
b - Swiftness             Air            0%         N/A       100%        2
Your spell library was empty.


Dungeon Overview and Level Annotations

Branches:
Dungeon (4/15)            Ossuary (1/1)
 Temple: D:4-7

Altars:
Hepliaklqana

Shops:
D:2 =   D:3 !


Innate Abilities, Weirdness & Mutations

You are immune to poison.
Your flesh is very heat resistant. (rF++)
You are vulnerable to cold. (rC-)
You float through the air rather than walking.
You learn spells naturally, not from books.
Your magical power is your life essence.
You have superior vitality. (+4 HP)


Message History

Found a scroll of vulnerability.
Found a scroll of teleportation.
There is an open door here.
You see here a scroll of vulnerability.
j - 3 scrolls of enchant armour (gained 1)
U - 2 dark potions
T - 2 scrolls of teleportation (gained 1)
j - 5 scrolls of enchant armour (gained 2)
V - 3 scrolls labelled QAECZIU ERPHETO
k - 2 fizzy emerald potions (gained 1)
W - a coppery potion
X - a silvery potion
k - 3 fizzy emerald potions (gained 1)
You see here a scroll of vulnerability.
There is an open door here.
As you open the door, it creaks loudly!
A mummy comes into view.
A human zombie comes into view.
A centaur zombie comes into view.
A human zombie comes into view. x2
The centaur zombie hits you. You block the centaur zombie's attack.
You take 4 damage, and have 37/41 hp.
Your scale mail prevents you from hitting the centaur zombie.
The centaur zombie barely misses you. You block the centaur zombie's attack.
The centaur zombie hits you. You block the centaur zombie's attack.
You hit the centaur zombie.
The centaur zombie is lightly damaged.
The centaur zombie hits you but does no damage.
The centaur zombie kicks you but does no damage.
The centaur zombie hits you but does no damage.
The centaur zombie kicks you but does no damage.
You hit the centaur zombie.
The centaur zombie is lightly damaged.
You block the centaur zombie's attack. x2
The centaur zombie hits you but does no damage.
The centaur zombie kicks you but does no damage.
You hit the centaur zombie.
The centaur zombie is moderately damaged.
The centaur zombie hits you.
The centaur zombie kicks you but does no damage.
You take 2 damage, and have 35/41 hp.
You hit the centaur zombie.
The centaur zombie is heavily damaged.
The centaur zombie hits you.
The centaur zombie kicks you but does no damage.
You block the centaur zombie's attack.
The centaur zombie kicks you but does no damage.
You take 2 damage, and have 33/41 hp.
You thump the centaur zombie!
The centaur zombie is severely damaged.
The centaur zombie completely misses you.
The centaur zombie kicks you but does no damage.
The centaur zombie hits you but does no damage.
The centaur zombie kicks you but does no damage.
You sock the centaur zombie!
The centaur zombie is almost destroyed.
The centaur zombie hits you but does no damage.
The centaur zombie kicks you but does no damage.
The centaur zombie hits you but does no damage.
The centaur zombie kicks you but does no damage.
You hit the centaur zombie.
The centaur zombie is almost destroyed.
The centaur zombie hits you but does no damage.
You block the centaur zombie's attack. The centaur zombie hits you.
The centaur zombie kicks you.
You take 2 damage, and have 32/41 hp.
You sock the centaur zombie!
You destroy the centaur zombie!
The mummy hits you.
There is an open door here.
You take 3 damage, and have 29/41 hp.
You sock the mummy!
The mummy is moderately damaged.
The mummy hits you!
* * * LOW HITPOINT WARNING * * *
You are too injured to fight recklessly!
You take 15 damage, and have 14/41 hp.
MASSIVE DAMAGE!!
You are too injured to fight recklessly!
You are too injured to fight recklessly!
You are too injured to fight recklessly!
You are too injured to fight recklessly!
You are too injured to fight recklessly!
You are too injured to fight recklessly!
Unknown command.
Aiming: Charm
Press: ? - help, Shift-Dir - straight line, f - mummy
Aim: a mummy (moderately damaged, chance to affect: 46%)
The mummy resists with some effort.
There is an open door here.
Aiming: Charm
Press: ? - help, Shift-Dir - straight line, f/p - mummy
Aim: a mummy (moderately damaged, chance to affect: 46%)
The mummy resists with some effort.
You feel very mighty all of a sudden. The mummy hits you.
* * * LOW HITPOINT WARNING * * *
There is an open door here.
You take 3 damage, and have 13/41 hp.
You hit the mummy.
The mummy is moderately damaged.
The mummy hits you!
You die... ███ ███.███ ██.....██ █.......█ █...?...█ █.......█ ██.....██ ███.███ █@█ ███M███

██ ██..ZZ.██ ..██
█.......█ ....█
██...∩...███.....█
▲...∩∩∩...∆.Z.....
██...∩...███.....█
█.......█ ....█
██.....██ ..██


You could see a mummy and 2 human zombies.

Vanquished Creatures
  A water moccasin skeleton (D:3)
  A centaur zombie (Ossuary)
  A howler monkey zombie (D:3)
  A gnoll (D:1)
  3 adders (D:2)
  An ufetubus (D:4)
  An adder skeleton (D:4)
  A worm (D:2)
  2 dart slugs
  3 orcs (D:3)
  2 ball pythons (D:2)
  8 bats
  3 endoplasms
  A giant cockroach (D:2)
  6 goblins
  7 hobgoblins
  10 jackals
  2 quokkas
  5 kobolds
  3 rats
62 creatures vanquished.

Notes
Turn   | Place    | Note
-------+----------+-------------------------------------------
     0 | D:1      | Goblin1989 the Djinni Fighter began the quest for the Orb.
     0 | D:1      | Reached XP level 1. HP: 20/20 MP: 0/0
    84 | D:1      | Reached XP level 2. HP: 15/25 MP: 0/0
   889 | D:1      | Reached XP level 3. HP: 30/30 MP: 0/0
   889 | D:1      | Learned a level 1 spell: Shock
  1148 | D:2      | Found Tenaedd's Jewellery Boutique.
  1515 | D:2      | Reached XP level 4. HP: 24/35 MP: 0/0
  2010 | D:3      | Reached XP level 5. HP: 7/41 MP: 0/0
  2010 | D:3      | Learned a level 2 spell: Swiftness
  2608 | D:3      | Found Nuixze's Distillery.
  2841 | D:3      | Found a hazy altar of Hepliaklqana.
  2974 | D:4      | Upgraded the game from 0.27-a0-898-g810843a28d to
                  | 0.27-a0-906-g0a00ce863d
  3042 | D:4      | Found a sand-covered staircase.
  3051 | Ossuary  | Entered an ossuary
  3242 | Ossuary  | Slain by a mummy

Illustrated notes

Levels and vault maps discovered:
D:1:      eino_arrival_cavern_c, layout_basic, minmay_curled_crystal,
          minmay_quantized
D:2:      layout_rooms, serial_shops, nicolae_shop_window_shopping
D:3:      layout_loops_ring, general_overflow_altar, serial_shops,
          nicolae_shop_behind_doors
D:4:      minmay_angry_zag, layout_loops_cross, enter_ossuary_1, serial_shops,
          nicolae_shop_statue_plus, minmay_manual_monstrance
Ossuary:  ossuary_minmay_four_chambers

Skill      XL: |  1  2  3  4 |
---------------+-------------+-----
Maces & Flails | 2 3 |  3.3
Fighting       | |  3.8
Throwing       | |  0.4
Armour         | |  3.8
Shields        | |  3.8

Action                   |  1- 3 |  4- 6 || total
-------------------------+-------+-------++-------
Melee: Flail             |   136 |   120 ||   256
Evoke: Wand              |       |     2 ||     2
  Use: Scroll            |       |     4 ||     4
       Potion            |       |     1 ||     1
Armor: Scale mail        |    98 |    87 ||   185
Dodge: Dodged            |    57 |    40 ||    97
Block: Kite shield       |    87 |    87 ||   174

Table legend: (Time is in decaauts)
 A = Elapsed time spent in this place.
 B = Non-inter-level travel time spent in this place.
 C = Inter-level travel time spent in this place.
 D = Time resting spent in this place.
 E = Time spent auto-exploring this place.
 F = Levels seen in this place.
 G = Mean time per level.
                   A        B        C        D        E       F      G
               +--------+--------+--------+--------+--------+-----+--------+
         Total |   3372 |   3305 |     67 |    381 |   2282 |   5 |  674.4 |
       Dungeon |   3176 |   3109 |     67 |    258 |   2249 |   4 |  794.0 |
       Ossuary |    195 |    195 |      0 |    123 |     33 |   1 |  195.0 |
               +--------+--------+--------+--------+--------+-----+--------+

Top non-repeatable levels by time:
     D:1: 1154 daAuts
     D:3: 1056 daAuts
     D:2: 879 daAuts
 Ossuary: 195 daAuts
     D:4: 86 daAuts
